Wild vs Maple Leafs

Created - March 24, 2022 at 16:39

Goals
1 2 3 T
Wild 0 3 0 3
Maple Leafs 3 0 1 4
Shots
1 2 3 T
Wild 4 12 9 25
Maple Leafs 10 10 6 26

GoalsPenalties
1st period
1. Maple Leafs , Brendan Gallagher 15 (Nick Leddy 25, Tomas Hertl 24) at 15:24
2. Maple Leafs , Tomas Hertl 27 (John Carlson 28, Brendan Gallagher 10) at 17:58
3. Maple Leafs , Alex Pietrangelo 8 (Jordan Staal 30, Tomas Hertl 25) at 18:35 (PP)
Jordan Staal (TOR) for High sticking (Minor) at 3:14
Matt Duchene (MIN) for Hooking (Minor) at 17:59
2nd period
4. Wild , Sam Carrick 9 (Marcus Foligno 10, Tyson Barrie 33) at 14:37
5. Wild , Matt Duchene 13 (Adam Fox 28) at 16:30
6. Wild , Sam Carrick 10 (Alexander Romanov 4, Marcus Foligno 11) at 16:54
No Penalty
3rd period
7. Maple Leafs , Sam Bennett 10 (Tomas Hertl 26, Shea Theodore 20) at 5:47
Tomas Hertl (TOR) for Interference (Minor) at 3:29
Nick Leddy (TOR) for Hooking (Minor) at 12:32
Goalie Stats
Malcolm Subban (MIN), 22 saves from 26 shots - (0.846), L, 4-6-2, 59:21 minutes
Frederik Andersen (TOR), 22 saves from 25 shots - (0.880), W, 17-16-4, 60:00 minutes
3 StarsOfficial
1 - Tomas Hertl (TOR)
2 - Sam Carrick (MIN)
3 - Brendan Gallagher (TOR)
Referees : Beaudry Halkidis and Dave Lewis
Linesman : Shandor Alphonso and Jeff Walker
Game Note
No Game Note
Finance
Level 1 -- Attendance: 6000 (100.00%) -- Ticket Income $996,000
Level 2 -- Attendance: 3852 (77.04%) -- Ticket Income $523,872
Level 3 -- Attendance: 2647 (66.18%) -- Ticket Income $307,052
Level 4 -- Attendance: 2889 (96.30%) -- Ticket Income $187,785
Luxury Box -- Attendance: 927 (92.70%) -- Ticket Income $231,750
Game was played at the Air Canada Centre.
Total Attendance: 16315 (85.87%)
Total Ticket Income: $2,246,459
Total Income: $2,246,459



Team Name Goals Shots Shots Attemp Shots Blocked PIM HIT PP PK FO%
Wild 3254672200 / 3 (0%)138%
Maple Leafs 4264566301 / 1 (100%)062%

Wild
Player Name POS G A P +/- PIM HIT SHT SB MP PP MP PP SHT PK MP PK SHT FO% FOT
Adam BrooksC/LW0000001011:030:0000:000100% 1
Adam FoxD0110012123:302:5320:2600% 0
Alex FormentonLW000-2003114:040:1100:360100% 1
Alexander RomanovD011-1031117:280:0000:0000% 0
Brandon PirriC/LW/RW0000010011:140:1100:00033% 24
Connor BunnamanC000-2001013:530:0000:36062% 13
Conor GarlandLW/RW0001012017:362:5300:0000% 1
Jake WalmanD000-1000017:180:0000:0000% 0
Jonathon MerrillD0001030119:023:0400:1000% 0
Marcus FolignoLW/RW0221011017:172:5300:0000% 1
Matt DucheneC1011213017:352:5300:00032% 19
Rocco GrimaldiC/RW0000011011:140:1100:0000% 2
Sam CarrickC/RW2021033017:172:5300:00038% 21
Sam LaffertyC/LW/RW000-2002013:170:0000:0000% 1
Tim StutzleC/LW0001003017:172:5300:0000% 0
Tyler MyersD0000010118:472:5300:2600% 0
Tyson BarrieD0111020223:553:0400:1000% 0
Victor OlofssonLW/RW0001022017:362:5300:00050% 2
Maple Leafs
Player Name POS G A P +/- PIM HIT SHT SB MP PP MP PP SHT PK MP PK SHT FO% FOT
Alex PietrangeloD101-1042225:170:3612:5600% 0
Brandon SaadLW/RW0000020013:220:0000:0000% 0
Brendan GallagherRW1122002015:210:0000:00050% 2
Brett HowdenC/LW/RW000000109:110:0002:400100% 1
David SavardD000-1010116:500:0002:5600% 0
Gabriel LandeskogLW/RW000-2021018:490:3600:00050% 2
Jarred TinordiD000-1020016:550:0003:0100% 0
John CarlsonD0112040222:550:3602:5500% 0
Jordan StaalC011-2221120:410:3601:34058% 24
Kyle CliffordLW000000006:170:0000:0500% 0
Nick LeddyD0112210017:470:0000:0000% 0
Radek FaksaC0000010016:290:0003:07068% 22
Sam BennettC/LW/RW1012023015:320:0000:1100% 0
Sean KuralyC/LW000001109:570:0003:26058% 12
Shea TheodoreD011-1021020:150:0000:0600% 0
Tanner PearsonLW0000036013:220:0000:0000% 0
Tomas HertlC/LW1342205016:470:3600:51061% 23
Tyler ToffoliLW/RW000-2033018:130:0000:0000% 0

Wild

5 vs 5 Forward
Line #Left WingCenterRight WingPHYDFOFWanted %Time %Time Play
1Conor GarlandMatt DucheneVictor Olofsson0232827%14:24
2Tim StutzleSam CarrickMarcus Foligno0232727%14:24
3Alex FormentonConnor BunnamanSam Lafferty0322525%13:17
4Adam BrooksBrandon PirriRocco Grimaldi0322021%11:03
5 vs 5 Defense
Line #DefenseDefensePHYDFOFWanted %Time %Time Play
1Adam FoxTyler Myers0413029%15:28
2Jonathon MerrillTyson Barrie0413030%15:48
3Jake WalmanAlexander Romanov0413033%17:18
4Adam FoxTyson Barrie041109%4:34
Power Play Forward
Line #Left WingCenterRight WingPHYDFOFWanted %Time %Time Play
1Conor GarlandMatt DucheneVictor Olofsson0055048%2:53
2Tim StutzleSam CarrickMarcus Foligno0055052%3:04
Power Play Defense
Line #DefenseDefensePHYDFOFWanted %Time %Time Play
1Adam FoxTyler Myers0145048%2:53
2Jonathon MerrillTyson Barrie0145052%3:04
Penalty Kill 4 Players Forward
Line #CenterWingPHYDFOFWanted %Time %Time Play
1Connor BunnamanAlex Formenton05050100%0:36
2Sam CarrickMarcus Foligno050500%0:00
Penalty Kill 4 Players Defense
Line #DefenseDefensePHYDFOFWanted %Time %Time Play
1Adam FoxTyler Myers0505072%0:26
2Alexander RomanovJonathon Merrill0505028%0:10
Penalty Kill 3 Players
Line #WingPHYDFOFWanted %Time %Time PlayDefenseDefensePHYDFOFWanted %Time %Time Play
1Alex Formenton050500%0:00 Adam FoxTyler Myers050500%0:00
2Marcus Foligno050500%0:00 Alexander RomanovJonathon Merrill050500%0:00
4 vs 4 Forward
Line #CenterWingPHYDFOFWanted %Time %Time Play
1Matt DucheneConor Garland023500%0:00
2Tim StutzleMarcus Foligno023500%0:00
4 vs 4 Defense
Line #DefensePHYDFOFWanted %Time %Time Play
1Jake WalmanAlexander Romanov041500%0:00
2Jonathon MerrillTyson Barrie041500%0:00
Last Minutes Offensive
Left WingCenterRight WingDefenseDefense
Conor GarlandMatt DucheneVictor OlofssonAdam FoxTyson Barrie
Last Minutes Defensive
Left WingCenterRight WingDefenseDefense
Alex FormentonConnor BunnamanMarcus FolignoAdam FoxTyler Myers
Time
Total ForwardTotal DefenseLast Minutes OffensiveLast Minutes Defensive
60:00 60:00 0:190:00
Extra Forwards
Normal PowerPlayPenalty Kill
Marcus Foligno, Alex Formenton, Victor OlofssonAlex Formenton, Rocco GrimaldiSam Carrick
Extra Defensemen
Normal PowerPlayPenalty Kill
Jake Walman, Tyson Barrie, Adam FoxAlexander Romanov, Alexander RomanovTyson Barrie
Penalty Shots
Adam Brooks, Conor Garland, Matt Duchene, Brandon Pirri, Victor Olofsson
Goalie
Malcolm Subban, Scott Wedgewood
Custom OT Lines Forwards
Matt Duchene, Conor Garland, Sam Carrick, Marcus Foligno, Tim Stutzle, Victor Olofsson, Connor Bunnaman, Alex Formenton, Adam Brooks, Rocco Grimaldi
Custom OT Lines Defensemen
Adam Fox, Tyler Myers, Tyson Barrie, Alexander Romanov, Jonathon Merrill
Scratches
Marc Staal (Bruised Left Shoulder Injury), Ondrej Kase (Healthy), Jonathan Bernier (Healthy)

Maple Leafs

5 vs 5 Forward
Line #Left WingCenterRight WingPHYDFOFWanted %Time %Time Play
1Gabriel LandeskogJordan StaalTyler Toffoli0233534%18:13
2Sam BennettTomas HertlBrendan Gallagher0143029%15:21
3Tanner PearsonRadek FaksaBrandon Saad0232525%13:22
4Kyle CliffordSean KuralyBrett Howden1311012%6:12
5 vs 5 Defense
Line #DefenseDefensePHYDFOFWanted %Time %Time Play
1Nick LeddyJohn Carlson1313534%17:48
2Shea TheodoreAlex Pietrangelo1313537%19:50
3David SavardJarred Tinordi1312526%13:54
4John CarlsonAlex Pietrangelo13153%1:36
Power Play Forward
Line #Left WingCenterRight WingPHYDFOFWanted %Time %Time Play
1Tomas HertlJordan StaalGabriel Landeskog00575100%0:36
2Tyler ToffoliSam BennettBrendan Gallagher014250%0:00
Power Play Defense
Line #DefenseDefensePHYDFOFWanted %Time %Time Play
1John CarlsonAlex Pietrangelo00575100%0:36
2Nick LeddyShea Theodore014250%0:00
Penalty Kill 4 Players Forward
Line #CenterWingPHYDFOFWanted %Time %Time Play
1Jordan StaalSean Kuraly0505559%3:31
2Radek FaksaBrett Howden0504541%2:26
Penalty Kill 4 Players Defense
Line #DefenseDefensePHYDFOFWanted %Time %Time Play
1David SavardAlex Pietrangelo0505549%2:56
2Jarred TinordiJohn Carlson0504551%3:01
Penalty Kill 3 Players
Line #WingPHYDFOFWanted %Time %Time PlayDefenseDefensePHYDFOFWanted %Time %Time Play
1Radek Faksa050600%0:00 David SavardAlex Pietrangelo050550%0:00
2Sean Kuraly050400%0:00 Jarred TinordiJohn Carlson050450%0:00
4 vs 4 Forward
Line #CenterWingPHYDFOFWanted %Time %Time Play
1Jordan StaalGabriel Landeskog023550%0:00
2Tomas HertlTyler Toffoli023450%0:00
4 vs 4 Defense
Line #DefensePHYDFOFWanted %Time %Time Play
1Shea TheodoreAlex Pietrangelo131650%0:00
2Nick LeddyJohn Carlson131350%0:00
Last Minutes Offensive
Left WingCenterRight WingDefenseDefense
Tomas HertlJordan StaalGabriel LandeskogJohn CarlsonAlex Pietrangelo
Last Minutes Defensive
Left WingCenterRight WingDefenseDefense
Sean KuralyJordan StaalBrett HowdenJohn CarlsonAlex Pietrangelo
Time
Total ForwardTotal DefenseLast Minutes OffensiveLast Minutes Defensive
60:00 60:00 0:000:19
Extra Forwards
Normal PowerPlayPenalty Kill
Radek Faksa, Sam Bennett, Sean KuralyRadek Faksa, Sam BennettRadek Faksa
Extra Defensemen
Normal PowerPlayPenalty Kill
Shea Theodore, John Carlson, Alex PietrangeloShea Theodore, David SavardJarred Tinordi
Penalty Shots
Tomas Hertl, Tyler Toffoli, Gabriel Landeskog, Brendan Gallagher, Jordan Staal
Goalie
Frederik Andersen, Jeremy Swayman
Custom OT Lines Forwards
Tomas Hertl, Jordan Staal, Gabriel Landeskog, Tyler Toffoli, Brendan Gallagher, Sam Bennett, Tanner Pearson, Radek Faksa, Brandon Saad, Sean Kuraly
Custom OT Lines Defensemen
John Carlson, Shea Theodore, Alex Pietrangelo, Nick Leddy, David Savard
Scratches
Eric Staal (Healthy), Dysin Mayo (Healthy)


Play-by-Play

1st period


0:01 of 1st period - Jordan Staal wins face-off versus Matt Duchene in neutral zone.
0:04 of 1st period - Adam Fox is hit by Gabriel Landeskog and loses puck.
0:12 of 1st period - Gabriel Landeskog is hit by Tyler Myers and loses puck.
0:31 of 1st period - Off-side.
0:32 of 1st period - Tomas Hertl wins face-off versus Sam Carrick in neutral zone.
1:18 of 1st period - Off-side.
1:19 of 1st period - Radek Faksa wins face-off versus Brandon Pirri in neutral zone.
1:42 of 1st period - Shot by Tanner Pearson.
1:42 of 1st period - Stopped by Malcolm Subban without a rebound.
1:43 of 1st period - Connor Bunnaman wins face-off versus Sean Kuraly in Wild zone.
2:24 of 1st period - Icing by Nick Leddy.
2:25 of 1st period - Matt Duchene wins face-off versus Sean Kuraly in Maple Leafs zone.
2:26 of 1st period - Shot by Victor Olofsson.
2:26 of 1st period - Deflect By Conor Garland.
2:26 of 1st period - Shot Misses the Net.
2:47 of 1st period - Off-side.
2:48 of 1st period - Jordan Staal wins face-off versus Brandon Pirri in neutral zone.
3:04 of 1st period - Jordan Staal is hit by Jonathon Merrill and loses puck.
3:14 of 1st period - Minor Penalty to Jordan Staal for High sticking.
3:15 of 1st period - Radek Faksa wins face-off versus Matt Duchene in Maple Leafs zone.
3:30 of 1st period - Shot by Adam Fox.
3:30 of 1st period - Stopped by Frederik Andersen without a rebound.
3:31 of 1st period - Radek Faksa wins face-off versus Sam Carrick in Maple Leafs zone.
3:47 of 1st period - Sean Kuraly is hit by Jonathon Merrill and loses puck.
5:48 of 1st period - Off-side.
5:49 of 1st period - Brandon Pirri wins face-off versus Radek Faksa in neutral zone.
5:51 of 1st period - Adam Fox is hit by Brandon Saad and loses puck.
5:57 of 1st period - Tanner Pearson is hit by Brandon Pirri and loses puck.
6:09 of 1st period - Radek Faksa is hit by Tyson Barrie and loses puck.
6:18 of 1st period - Shot by Radek Faksa.
6:18 of 1st period - Shot Blocked by Tyson Barrie.
6:20 of 1st period - Shot by Alex Pietrangelo.
6:20 of 1st period - Shot Misses the Net.
6:22 of 1st period - Shot by Alex Pietrangelo.
6:22 of 1st period - Stopped by Malcolm Subban with a rebound.
6:24 of 1st period - Shot by Radek Faksa.
6:24 of 1st period - Deflect By Tanner Pearson.
6:24 of 1st period - Shot Blocked by Adam Fox.
7:15 of 1st period - Brendan Gallagher is hit by Alexander Romanov and loses puck.
7:44 of 1st period - Icing by Jake Walman.
7:45 of 1st period - Sean Kuraly wins face-off versus Marcus Foligno in Wild zone.
8:07 of 1st period - Icing by Alex Pietrangelo.
8:08 of 1st period - Sean Kuraly wins face-off versus Matt Duchene in Maple Leafs zone.
8:08 of 1st period - Sean Kuraly is hit by Victor Olofsson.
8:48 of 1st period - Brett Howden is hit by Matt Duchene and loses puck.
9:04 of 1st period - Icing by Tyler Myers.
9:05 of 1st period - Jordan Staal wins face-off versus Matt Duchene in Wild zone.
9:19 of 1st period - Icing by John Carlson.
9:20 of 1st period - Jordan Staal wins face-off versus Sam Lafferty in Maple Leafs zone.
9:27 of 1st period - Sam Lafferty is hit by Tyler Toffoli and loses puck.
9:32 of 1st period - Shot by Jordan Staal.
9:32 of 1st period - Stopped by Malcolm Subban with a rebound.
9:48 of 1st period - Shot by Tyler Toffoli.
9:48 of 1st period - Stopped by Malcolm Subban without a rebound.
9:49 of 1st period - Radek Faksa wins face-off versus Brandon Pirri in Wild zone.
9:56 of 1st period - Shot by Radek Faksa.
9:56 of 1st period - Deflect By Tanner Pearson.
9:56 of 1st period - Stopped by Malcolm Subban without a rebound.
9:57 of 1st period - Tomas Hertl wins face-off versus Sam Carrick in Wild zone.
10:26 of 1st period - Shot by Sam Bennett.
10:26 of 1st period - Shot Blocked by Jonathon Merrill.
11:43 of 1st period - John Carlson is hit by Alexander Romanov and loses puck.
12:03 of 1st period - Shot by Sam Lafferty.
12:03 of 1st period - Deflect By Connor Bunnaman.
12:03 of 1st period - Stopped by Frederik Andersen without a rebound.
12:04 of 1st period - Brandon Pirri wins face-off versus Sean Kuraly in Maple Leafs zone.
12:16 of 1st period - Icing by Brandon Pirri.
12:17 of 1st period - Brandon Pirri wins face-off versus Tomas Hertl in Wild zone.
12:24 of 1st period - Alex Pietrangelo is hit by Rocco Grimaldi and loses puck.
12:28 of 1st period - Icing by Alex Pietrangelo.
12:29 of 1st period - Tomas Hertl wins face-off versus Connor Bunnaman in Maple Leafs zone.
12:52 of 1st period - Shot by Alex Formenton.
12:52 of 1st period - Stopped by Frederik Andersen without a rebound.
12:53 of 1st period - Matt Duchene wins face-off versus Gabriel Landeskog in Maple Leafs zone.
13:07 of 1st period - Shot by Matt Duchene.
13:07 of 1st period - Shot Blocked by John Carlson.
13:11 of 1st period - Shot by Matt Duchene.
13:11 of 1st period - Stopped by Frederik Andersen without a rebound.
13:12 of 1st period - Radek Faksa wins face-off versus Sam Carrick in Maple Leafs zone.
15:24 of 1st period - Shot by Brendan Gallagher.
15:24 of 1st period - Goal by Brendan Gallagher - Wild : 0 - Maple Leafs : 1.
15:25 of 1st period - Sean Kuraly wins face-off versus Matt Duchene in neutral zone.
16:15 of 1st period - Off-side.
16:16 of 1st period - Tomas Hertl wins face-off versus Brandon Pirri in neutral zone.
16:19 of 1st period - Shot by Shea Theodore.
16:19 of 1st period - Stopped by Malcolm Subban without a rebound.
16:20 of 1st period - Brandon Pirri wins face-off versus Tomas Hertl in Wild zone.
16:26 of 1st period - Icing by Rocco Grimaldi.
16:27 of 1st period - Adam Brooks wins face-off versus Tomas Hertl in Wild zone.
16:29 of 1st period - Icing by Tyson Barrie.
16:30 of 1st period - Tomas Hertl wins face-off versus Brandon Pirri in Wild zone.
16:31 of 1st period - Shot by Brendan Gallagher.
16:31 of 1st period - Shot Misses the Net.
16:51 of 1st period - Shot by Tomas Hertl.
16:51 of 1st period - Stopped by Malcolm Subban without a rebound.
16:52 of 1st period - Sam Carrick wins face-off versus Jordan Staal in Wild zone.
17:58 of 1st period - Shot by Tomas Hertl.
17:58 of 1st period - Goal by Tomas Hertl - Wild : 0 - Maple Leafs : 2.
17:59 of 1st period - Radek Faksa wins face-off versus Matt Duchene in neutral zone.
17:59 of 1st period - Minor Penalty to Matt Duchene for Hooking.
18:00 of 1st period - Connor Bunnaman wins face-off versus Jordan Staal in Wild zone.
18:35 of 1st period - Shot by Alex Pietrangelo.
18:35 of 1st period - Goal by Alex Pietrangelo - Wild : 0 - Maple Leafs : 3.
18:36 of 1st period - Radek Faksa wins face-off versus Matt Duchene in neutral zone.
18:59 of 1st period - Shot by Conor Garland.
18:59 of 1st period - Shot Misses the Net.
19:26 of 1st period - Matt Duchene is hit by Sean Kuraly and loses puck.
Goals for this period are 0 for Wild vs 3 for Maple Leafs.
Shots for this period are 4 for Wild vs 10 for Maple Leafs.

2nd period


0:01 of 2nd period - Jordan Staal wins face-off versus Brandon Pirri in neutral zone.
0:11 of 2nd period - Icing by Adam Fox.
0:12 of 2nd period - Brandon Pirri wins face-off versus Brendan Gallagher in Wild zone.
0:12 of 2nd period - Brandon Pirri is hit by Sam Bennett.
0:32 of 2nd period - Shot by Tomas Hertl.
0:32 of 2nd period - Stopped by Malcolm Subban without a rebound.
0:33 of 2nd period - Connor Bunnaman wins face-off versus Jordan Staal in Wild zone.
0:33 of 2nd period - Connor Bunnaman is hit by Tyler Toffoli.
0:40 of 2nd period - Alexander Romanov is hit by Tyler Toffoli and loses puck.
0:56 of 2nd period - Shot by Shea Theodore.
0:56 of 2nd period - Shot Misses the Net.
1:46 of 2nd period - Shot by Tomas Hertl.
1:46 of 2nd period - Deflect By Sam Bennett.
1:46 of 2nd period - Stopped by Malcolm Subban without a rebound.
1:47 of 2nd period - Radek Faksa wins face-off versus Brandon Pirri in Wild zone.
1:54 of 2nd period - Shot by Radek Faksa.
1:54 of 2nd period - Deflect By Tanner Pearson.
1:54 of 2nd period - Stopped by Malcolm Subban without a rebound.
1:55 of 2nd period - Matt Duchene wins face-off versus Radek Faksa in Wild zone.
2:12 of 2nd period - Shot by Matt Duchene.
2:12 of 2nd period - Shot Misses the Net.
2:18 of 2nd period - Shot by Tanner Pearson.
2:18 of 2nd period - Shot Misses the Net.
2:23 of 2nd period - Icing by Jonathon Merrill.
2:24 of 2nd period - Tomas Hertl wins face-off versus Matt Duchene in Wild zone.
2:29 of 2nd period - Shot by Tomas Hertl.
2:29 of 2nd period - Shot Blocked by Tyson Barrie.
2:52 of 2nd period - Tyson Barrie is hit by Alex Pietrangelo.
3:57 of 2nd period - Brandon Pirri is hit by Jordan Staal and loses puck.
4:08 of 2nd period - Brandon Pirri is hit by Brandon Saad and loses puck.
4:43 of 2nd period - Icing by Alexander Romanov.
4:44 of 2nd period - Sean Kuraly wins face-off versus Brandon Pirri in Wild zone.
4:59 of 2nd period - Shot by Kyle Clifford.
4:59 of 2nd period - Deflect By Brett Howden.
4:59 of 2nd period - Stopped by Malcolm Subban with a rebound.
5:01 of 2nd period - Shot by Sean Kuraly.
5:01 of 2nd period - Deflect By Kyle Clifford.
5:01 of 2nd period - Shot Misses the Net.
5:03 of 2nd period - Shot by Sean Kuraly.
5:03 of 2nd period - Stopped by Malcolm Subban without a rebound.
5:04 of 2nd period - Tomas Hertl wins face-off versus Sam Carrick in Wild zone.
5:28 of 2nd period - Tim Stutzle is hit by John Carlson and loses puck.
6:00 of 2nd period - Off-side.
6:01 of 2nd period - Radek Faksa wins face-off versus Connor Bunnaman in neutral zone.
6:03 of 2nd period - Off-side.
6:04 of 2nd period - Matt Duchene wins face-off versus Jordan Staal in neutral zone.
6:24 of 2nd period - Conor Garland is hit by Shea Theodore and loses puck.
6:27 of 2nd period - Shot by Conor Garland.
6:27 of 2nd period - Stopped by Frederik Andersen without a rebound.
6:28 of 2nd period - Connor Bunnaman wins face-off versus Radek Faksa in Maple Leafs zone.
6:29 of 2nd period - Shot by Alex Formenton.
6:29 of 2nd period - Shot Misses the Net.
6:31 of 2nd period - Shot by Alex Formenton.
6:31 of 2nd period - Shot Misses the Net.
6:33 of 2nd period - Shot by Alexander Romanov.
6:33 of 2nd period - Stopped by Frederik Andersen without a rebound.
6:34 of 2nd period - Connor Bunnaman wins face-off versus Radek Faksa in Maple Leafs zone.
7:06 of 2nd period - Icing by Alex Formenton.
7:07 of 2nd period - Connor Bunnaman wins face-off versus Jordan Staal in Wild zone.
7:07 of 2nd period - Connor Bunnaman is hit by Jordan Staal.
7:45 of 2nd period - Alex Pietrangelo is hit by Marcus Foligno and loses puck.
8:28 of 2nd period - Shot by Victor Olofsson.
8:28 of 2nd period - Stopped by Frederik Andersen with a rebound.
8:48 of 2nd period - Shot by Matt Duchene.
8:48 of 2nd period - Shot Blocked by David Savard.
8:51 of 2nd period - Icing by David Savard.
8:52 of 2nd period - Tomas Hertl wins face-off versus Brandon Pirri in Maple Leafs zone.
9:20 of 2nd period - Icing by Brandon Pirri.
9:21 of 2nd period - Jordan Staal wins face-off versus Brandon Pirri in Wild zone.
9:38 of 2nd period - Shot by Brandon Pirri.
9:38 of 2nd period - Shot Hit the Post.
10:02 of 2nd period - Shot by Tyler Toffoli.
10:02 of 2nd period - Stopped by Malcolm Subban with a rebound.
10:16 of 2nd period - Shot by Victor Olofsson.
10:16 of 2nd period - Shot Misses the Net.
10:22 of 2nd period - Shot by Conor Garland.
10:22 of 2nd period - Shot Misses the Net.
10:44 of 2nd period - Shot by Tim Stutzle.
10:44 of 2nd period - Stopped by Frederik Andersen without a rebound.
10:45 of 2nd period - Radek Faksa wins face-off versus Connor Bunnaman in Maple Leafs zone.
10:58 of 2nd period - Off-side.
10:59 of 2nd period - Sean Kuraly wins face-off versus Sam Carrick in neutral zone.
12:41 of 2nd period - Shot by Matt Duchene.
12:41 of 2nd period - Stopped by Frederik Andersen without a rebound.
12:42 of 2nd period - Brandon Pirri wins face-off versus Tomas Hertl in Maple Leafs zone.
12:42 of 2nd period - Brandon Pirri is hit by Alex Pietrangelo.
12:49 of 2nd period - Icing by Tomas Hertl.
12:50 of 2nd period - Matt Duchene wins face-off versus Tomas Hertl in Maple Leafs zone.
12:58 of 2nd period - Matt Duchene is hit by Alex Pietrangelo.
13:02 of 2nd period - Shot by Conor Garland.
13:02 of 2nd period - Shot Blocked by Alex Pietrangelo.
13:10 of 2nd period - Shot by Tomas Hertl.
13:10 of 2nd period - Deflect By Sam Bennett.
13:10 of 2nd period - Stopped by Malcolm Subban without a rebound.
13:11 of 2nd period - Gabriel Landeskog wins face-off versus Sam Carrick in Wild zone.
13:11 of 2nd period - Gabriel Landeskog is hit by Tyson Barrie.
13:18 of 2nd period - Marcus Foligno is hit by David Savard and loses puck.
13:21 of 2nd period - Shot by Jonathon Merrill.
13:21 of 2nd period - Shot Misses the Net.
13:23 of 2nd period - Shot by Sam Carrick.
13:23 of 2nd period - Stopped by Frederik Andersen without a rebound.
13:24 of 2nd period - Brandon Pirri wins face-off versus Tomas Hertl in Maple Leafs zone.
13:31 of 2nd period - Shot by Sam Bennett.
13:31 of 2nd period - Shot Misses the Net.
14:01 of 2nd period - Icing by Nick Leddy.
14:02 of 2nd period - Brendan Gallagher wins face-off versus Sam Carrick in Maple Leafs zone.
14:23 of 2nd period - Tyler Toffoli is hit by Sam Carrick and loses puck.
14:35 of 2nd period - Shot by Marcus Foligno.
14:35 of 2nd period - Stopped by Frederik Andersen with a rebound.
14:37 of 2nd period - Shot by Sam Carrick.
14:37 of 2nd period - Goal by Sam Carrick - Wild : 1 - Maple Leafs : 3.
14:38 of 2nd period - Matt Duchene wins face-off versus Radek Faksa in neutral zone.
14:48 of 2nd period - Matt Duchene is hit by Jarred Tinordi and loses puck.
14:58 of 2nd period - Off-side.
14:59 of 2nd period - Jordan Staal wins face-off versus Connor Bunnaman in neutral zone.
15:08 of 2nd period - Shot by Tyler Toffoli.
15:08 of 2nd period - Stopped by Malcolm Subban without a rebound.
15:09 of 2nd period - Brandon Pirri wins face-off versus Radek Faksa in Wild zone.
15:30 of 2nd period - Tanner Pearson is hit by Adam Fox and loses puck.
16:07 of 2nd period - Shot by Sam Lafferty.
16:07 of 2nd period - Shot Misses the Net.
16:09 of 2nd period - Shot by Alex Formenton.
16:09 of 2nd period - Deflect By Sam Lafferty.
16:09 of 2nd period - Stopped by Frederik Andersen without a rebound.
16:10 of 2nd period - Victor Olofsson wins face-off versus Jordan Staal in Maple Leafs zone.
16:11 of 2nd period - Shot by Conor Garland.
16:11 of 2nd period - Stopped by Frederik Andersen with a rebound.
16:30 of 2nd period - Shot by Matt Duchene.
16:30 of 2nd period - Goal by Matt Duchene - Wild : 2 - Maple Leafs : 3.
16:31 of 2nd period - Sam Carrick wins face-off versus Tomas Hertl in neutral zone.
16:52 of 2nd period - Shot by Alexander Romanov.
16:52 of 2nd period - Shot Misses the Net.
16:54 of 2nd period - Shot by Sam Carrick.
16:54 of 2nd period - Goal by Sam Carrick - Wild : 3 - Maple Leafs : 3.
16:55 of 2nd period - Alex Formenton wins face-off versus Jordan Staal in neutral zone.
17:27 of 2nd period - Shot by Connor Bunnaman.
17:27 of 2nd period - Shot Blocked by Jordan Staal.
18:17 of 2nd period - Shot by Tomas Hertl.
18:17 of 2nd period - Stopped by Malcolm Subban with a rebound.
18:39 of 2nd period - Shot by Tanner Pearson.
18:39 of 2nd period - Stopped by Malcolm Subban without a rebound.
18:40 of 2nd period - Sam Carrick wins face-off versus Sean Kuraly in Wild zone.
18:42 of 2nd period - Icing by Tim Stutzle.
18:43 of 2nd period - Radek Faksa wins face-off versus Sam Carrick in Wild zone.
18:48 of 2nd period - Shot by Tanner Pearson.
18:48 of 2nd period - Shot Blocked by Tyler Myers.
19:52 of 2nd period - Shot by Adam Brooks.
19:52 of 2nd period - Shot Misses the Net.
Goals for this period are 3 for Wild vs 0 for Maple Leafs.
Shots for this period are 12 for Wild vs 10 for Maple Leafs.

3rd period


0:01 of 3rd period - Jordan Staal wins face-off versus Matt Duchene in neutral zone.
0:03 of 3rd period - Off-side.
0:04 of 3rd period - Jordan Staal wins face-off versus Matt Duchene in neutral zone.
0:18 of 3rd period - Victor Olofsson is hit by John Carlson and loses puck.
0:44 of 3rd period - Conor Garland is hit by John Carlson and loses puck.
1:11 of 3rd period - Shot by Sam Lafferty.
1:11 of 3rd period - Shot Blocked by Alex Pietrangelo.
1:13 of 3rd period - Shot by Alex Formenton.
1:13 of 3rd period - Stopped by Frederik Andersen without a rebound.
1:14 of 3rd period - Sam Carrick wins face-off versus Tomas Hertl in Maple Leafs zone.
1:14 of 3rd period - Sam Carrick is hit by Jarred Tinordi.
1:20 of 3rd period - Shot by Tim Stutzle.
1:20 of 3rd period - Shot Misses the Net.
1:39 of 3rd period - Icing by Brendan Gallagher.
1:40 of 3rd period - Tomas Hertl wins face-off versus Brandon Pirri in Maple Leafs zone.
1:44 of 3rd period - Off-side.
1:45 of 3rd period - Radek Faksa wins face-off versus Connor Bunnaman in neutral zone.
1:48 of 3rd period - Jonathon Merrill is hit by Radek Faksa and loses puck.
2:22 of 3rd period - Alex Formenton is hit by Nick Leddy.
2:45 of 3rd period - Shot by Tim Stutzle.
2:45 of 3rd period - Stopped by Frederik Andersen without a rebound.
2:46 of 3rd period - Jordan Staal wins face-off versus Victor Olofsson in Maple Leafs zone.
3:01 of 3rd period - Victor Olofsson is hit by Alex Pietrangelo and loses puck.
3:20 of 3rd period - Shot by Victor Olofsson.
3:20 of 3rd period - Stopped by Frederik Andersen without a rebound.
3:21 of 3rd period - Tomas Hertl wins face-off versus Brandon Pirri in Maple Leafs zone.
3:29 of 3rd period - Minor Penalty to Tomas Hertl for Interference.
3:30 of 3rd period - Jordan Staal wins face-off versus Sam Carrick in Maple Leafs zone.
4:46 of 3rd period - David Savard is hit by Conor Garland and loses puck.
5:41 of 3rd period - Shot by Sam Bennett.
5:41 of 3rd period - Shot Misses the Net.
5:43 of 3rd period - Shot by Sam Bennett.
5:43 of 3rd period - Shot Blocked by Alexander Romanov.
5:45 of 3rd period - Shot by Tomas Hertl.
5:45 of 3rd period - Deflect By Sam Bennett.
5:45 of 3rd period - Shot Blocked by Alex Formenton.
5:47 of 3rd period - Shot by Sam Bennett.
5:47 of 3rd period - Goal by Sam Bennett - Wild : 3 - Maple Leafs : 4.
5:48 of 3rd period - Jordan Staal wins face-off versus Brandon Pirri in neutral zone.
5:58 of 3rd period - Shot by Adam Brooks.
5:58 of 3rd period - Stopped by Frederik Andersen without a rebound.
5:59 of 3rd period - Tomas Hertl wins face-off versus Rocco Grimaldi in Maple Leafs zone.
6:18 of 3rd period - Shot by Brendan Gallagher.
6:18 of 3rd period - Stopped by Malcolm Subban without a rebound.
6:19 of 3rd period - Sam Carrick wins face-off versus Radek Faksa in Wild zone.
6:19 of 3rd period - Sam Carrick is hit by Tanner Pearson.
6:22 of 3rd period - Icing by Tim Stutzle.
6:23 of 3rd period - Sam Carrick wins face-off versus Jordan Staal in Wild zone.
6:44 of 3rd period - Shot by Tim Stutzle.
6:44 of 3rd period - Stopped by Frederik Andersen with a rebound.
6:55 of 3rd period - Icing by Tyler Toffoli.
6:56 of 3rd period - Jordan Staal wins face-off versus Conor Garland in Maple Leafs zone.
6:56 of 3rd period - Jordan Staal is hit by Victor Olofsson.
8:39 of 3rd period - Shot by Tanner Pearson.
8:39 of 3rd period - Stopped by Malcolm Subban without a rebound.
8:40 of 3rd period - Connor Bunnaman wins face-off versus Sean Kuraly in Wild zone.
9:14 of 3rd period - Shot by Kyle Clifford.
9:14 of 3rd period - Shot Misses the Net.
9:16 of 3rd period - Shot by Sean Kuraly.
9:16 of 3rd period - Shot Misses the Net.
9:18 of 3rd period - Shot by Sean Kuraly.
9:18 of 3rd period - Shot Misses the Net.
10:13 of 3rd period - Off-side.
10:14 of 3rd period - Tomas Hertl wins face-off versus Sam Carrick in neutral zone.
10:16 of 3rd period - Off-side.
10:17 of 3rd period - Tomas Hertl wins face-off versus Brandon Pirri in neutral zone.
11:13 of 3rd period - Jonathon Merrill is hit by Tanner Pearson and loses puck.
11:17 of 3rd period - Icing by Jonathon Merrill.
11:18 of 3rd period - Sam Carrick wins face-off versus Jordan Staal in Wild zone.
11:18 of 3rd period - Sam Carrick is hit by Gabriel Landeskog.
11:27 of 3rd period - Shea Theodore is hit by Sam Carrick and loses puck.
11:31 of 3rd period - Alex Pietrangelo is hit by Jonathon Merrill and loses puck.
12:32 of 3rd period - Minor Penalty to Nick Leddy for Hooking.
12:33 of 3rd period - Radek Faksa wins face-off versus Sam Carrick in Maple Leafs zone.
12:46 of 3rd period - Shot by Sean Kuraly.
12:46 of 3rd period - Shot Hit the Post.
13:18 of 3rd period - Shot by Adam Fox.
13:18 of 3rd period - Stopped by Frederik Andersen without a rebound.
13:19 of 3rd period - Brett Howden wins face-off versus Matt Duchene in Maple Leafs zone.
13:30 of 3rd period - Shot by Victor Olofsson.
13:30 of 3rd period - Shot Misses the Net.
13:48 of 3rd period - Shot by Tyler Myers.
13:48 of 3rd period - Shot Misses the Net.
14:23 of 3rd period - Shot by Tyson Barrie.
14:23 of 3rd period - Shot Blocked by John Carlson.
14:38 of 3rd period - Rocco Grimaldi is hit by Shea Theodore and loses puck.
14:57 of 3rd period - Shot by Tomas Hertl.
14:57 of 3rd period - Shot Misses the Net.
14:59 of 3rd period - Shot by Tomas Hertl.
14:59 of 3rd period - Stopped by Malcolm Subban without a rebound.
15:00 of 3rd period - Connor Bunnaman wins face-off versus Jordan Staal in Wild zone.
15:07 of 3rd period - Alex Formenton is hit by John Carlson and loses puck.
15:12 of 3rd period - Shot by Alex Formenton.
15:12 of 3rd period - Stopped by Frederik Andersen with a rebound.
15:20 of 3rd period - Shot by Sam Lafferty.
15:20 of 3rd period - Stopped by Frederik Andersen without a rebound.
15:21 of 3rd period - Radek Faksa wins face-off versus Rocco Grimaldi in Maple Leafs zone.
15:39 of 3rd period - Tyson Barrie is hit by Tanner Pearson and loses puck.
16:39 of 3rd period - Icing by Alex Pietrangelo.
16:40 of 3rd period - Sam Carrick wins face-off versus Tomas Hertl in Maple Leafs zone.
16:59 of 3rd period - Sam Carrick is hit by Sam Bennett and loses puck.
17:16 of 3rd period - Icing by Alex Pietrangelo.
17:17 of 3rd period - Tomas Hertl wins face-off versus Matt Duchene in Maple Leafs zone.
18:13 of 3rd period - Shot by Gabriel Landeskog.
18:13 of 3rd period - Stopped by Malcolm Subban without a rebound.
18:14 of 3rd period - Radek Faksa wins face-off versus Brandon Pirri in Wild zone.
18:17 of 3rd period - Shot by Tanner Pearson.
18:17 of 3rd period - Stopped by Malcolm Subban with a rebound.
18:23 of 3rd period - Tanner Pearson is hit by Alexander Romanov and loses puck.
18:37 of 3rd period - Icing by Jake Walman.
18:38 of 3rd period - Sean Kuraly wins face-off versus Brandon Pirri in Wild zone.
18:54 of 3rd period - Shot by Rocco Grimaldi.
18:54 of 3rd period - Stopped by Frederik Andersen without a rebound.
18:55 of 3rd period - Jordan Staal wins face-off versus Sam Carrick in Maple Leafs zone.
18:55 of 3rd period - Jordan Staal is hit by Sam Carrick.
19:21 of 3rd period - Wild, Malcolm Subban is pulled from the net.
19:40 of 3rd period - Off-side.
19:41 of 3rd period - Sean Kuraly wins face-off versus Matt Duchene in neutral zone.
Goals for this period are 0 for Wild vs 1 for Maple Leafs.
Shots for this period are 9 for Wild vs 6 for Maple Leafs.




Output by the SimonT Hockey Simulator (STHS) for Tyler Bell - Original Page W3C HTML5 Valid
Hockey Simulator - Hockey Simulation - Hockey Manager